 Dungeon Crawl Stone Soup version 0.23.1 (webtiles) character file.

Game seed: 16908463996199780961

405 Borgoz the Ruffian (level 6, -9/52 HPs)
             Began as a Ghoul Skald on Mar 2, 2019.
             Mangled by an ogre
             ... wielding a +0 giant spiked club
              (24 damage)
             ... on level 5 of the Dungeon.
             The game lasted 00:09:35 (4264 turns).

Borgoz the Ruffian (Ghoul Skald)                    Turns: 4264, Time: 00:09:35

Health: -9/52      AC:  5    Str: 15    XL:     6   Next: 87%
Magic:  9/9        EV: 11    Int:  8    God:
Gold:   176        SH:  0    Dex: 10    Spells: 4/10 levels left

rFire    . . .     SeeInvis .     - Unarmed
rCold    + . .     Gourm    .   (no shield)
rNeg     + + +     Faith    .   f - +0 ring mail
rPois    ∞         Spirit   .   (no helmet)
rElec    .         Reflect  .   j - scarf {repulsion}
rCorr    .         Harm     .   (no gloves)
MR       .....                  (no boots)
Stlth    ..........             q - amulet of the acrobat
HPRegen  0.00/turn              (no ring)
MPRegen  0.11/turn              (no ring)

@: rotting, repel missiles
A: rotting body, claws 1, carnivore, cold resistance 1, negative energy
resistance 3, inhibited regeneration, torment resistance, unbreathing
a: no special abilities


You were on level 5 of the Dungeon.
You were not hungry.

You visited 1 branch of the dungeon, and saw 5 of its levels.

You collected 176 gold pieces.

Inventory:

Missiles
 s - 6 needles of sleeping
Armour
 f - a +0 ring mail (worn)
 j - a scarf of repulsion (worn)
 n - a +1 pair of gloves of strength
Jewellery
 q - an amulet of the acrobat (around neck)
Wands
 o - a wand of flame (20)
Scrolls
 a - a scroll of identify
 b - a scroll of enchant armour
 i - 3 scrolls of blinking
 k - a scroll of remove curse
 p - a scroll of amnesia {unknown}
 u - a scroll of enchant weapon {unknown}
Potions
 e - a potion of cancellation
 g - a potion of magic
 h - a potion of resistance
 l - 2 potions of haste
 m - a potion of agility
 r - 2 potions of heal wounds
 t - a potion of might {unknown}
Comestibles
 c - 9 rations
 d - 4 chunks of flesh


   Skills:
 + Level 3.7 Fighting
 + Level 2.6 Armour
 + Level 3.0 Dodging
 + Level 3.8 Unarmed Combat
 + Level 2.8 Spellcasting
 - Level 3.0 Charms
 + Level 1.7 Necromancy


You had 4 spell levels left.
You knew the following spells:

 Your Spells              Type           Power        Failure   Level  Hunger
a - Infusion              Chrm           #...         19%         1    ##.....
b - Song of Slaying       Chrm           #.......     26%         2    ###....
c - Regeneration          Chrm/Necr      #.........   56%         3    ####...

Your spell library contained the following spells:

 Spells                   Type           Power        Failure   Level  Hunger
 Shroud of Golubria       Chrm/Tloc      #.........   45%         2    ###....
 Spectral Weapon          Hex/Chrm       #.......     71%         3    ####...


Dungeon Overview and Level Annotations

Branches:
Dungeon (5/15)
 Temple: D:4-7

Altars:
Elyvilon


Innate Abilities, Weirdness & Mutations

Your body is rotting away.
You thrive on raw meat.
You are immune to poison.
You have sharp fingernails.
You are carnivorous and can eat meat at any time.
Your flesh is cold resistant. (rC+)
You are immune to negative energy. (rN+++)
You do not regenerate when monsters are visible.
You are immune to unholy pain and torment.
You can survive without breathing.


Message History

Ouch! That really hurt!
You are too injured to fight recklessly!
Eat one of 5 chunks of flesh? (ye/n/q)
Okay, then.
Evoke which item? (* to show all) (? for menu, Esc to quit)
Okay, then.
Eat one of 5 chunks of flesh? (ye/n/q)
You eat one of the 5 chunks of flesh.
This raw flesh tastes great!
Evoke which item? (* to show all) (? for menu, Esc to quit)
Okay, then.
You claw the ogre!
The ogre is almost dead.
The ogre hits you with a +0 giant spiked club!
* * * LOW HITPOINT WARNING * * *
You are too injured to fight recklessly!
You are too injured to fight recklessly!
You scratch the ogre.
The ogre is almost dead.
The ogre hits you with a +0 giant spiked club!!
You die...

.....#.#.# #.###.#
.## ..........
#.....#.... .....###
#####........ #....#
..........# ####.##
#.# #...# #####.###
#...# #.......#
#...#### #.###O#.#
#...##.###.# #@#.#
###...#...##.##..#.#
.<...÷÷....#...(...#
....................
...........#....>..#
###...#...##.#...#.#
#...##.###.#...#.#
#..(#### #.#...#.#
#...# #.......


You could see an ogre.

Vanquished Creatures
  An ogre (D:4)
  Blork the orc (D:4)
  A hound (D:4)
  An orc wizard (D:3)
  An iguana (D:5)
  Robin (D:2)
  5 adders
  2 worms
  2 dart slugs
  7 leopard geckos
  6 orcs
  9 bats
  6 giant cockroaches
  18 goblins
  9 hobgoblins
  10 jackals
  A quokka (D:2)
  A ball python (D:2)
  3 frilled lizards
  6 kobolds
  5 rats
96 creatures vanquished.

Notes
Turn   | Place    | Note
-------+----------+-------------------------------------------
     0 | D:1      | Borgoz the Ghoul Skald began the quest for the Orb.
     0 | D:1      | Reached XP level 1. HP: 17/17 MP: 2/2
    59 | D:1      | Reached skill level 1 in Armour
   196 | D:1      | Reached XP level 2. HP: 18/25 MP: 3/3
   210 | D:1      | Learned a level 2 spell: Song of Slaying
   534 | D:1      | Reached XP level 3. HP: 27/30 MP: 3/5
   891 | D:2      | Noticed Robin
  1238 | D:2      | Reached XP level 4. HP: 31/37 MP: 6/6
  1353 | D:2      | Killed Robin
  1676 | D:2      | Learned a level 3 spell: Regeneration
  2553 | D:3      | Reached XP level 5. HP: 18/45 MP: 7/7
  3072 | D:3      | Found a white marble altar of Elyvilon.
  3421 | D:4      | Noticed an ogre
  3523 | D:4      | Noticed an ogre
  3531 | D:4      | Killed an ogre
  3531 | D:4      | Reached skill level 1 in Necromancy
  3531 | D:4      | Reached XP level 6. HP: 49/50 MP: 8/8
  3629 | D:4      | Noticed Blork the orc
  3647 | D:4      | Killed Blork the orc
  4066 | D:5      | Entered Level 5 of the Dungeon
  4264 | D:5      | Mangled by an ogre

Skill      XL: |  1  2  3  4  5  6 |
---------------+-------------------+-----
Armour         | 1 2 |  2.6
Dodging        | 2 3 |  3.0
Spellcasting   | 2 |  2.8
Charms         | 3 |  3.0
Fighting       | 3 |  3.7
Unarmed Combat | 3 |  3.8
Necromancy     | 1 |  1.7

Action                   |  1- 3 |  4- 6 || total
-------------------------+-------+-------++-------
Melee: Unarmed           |   140 |   248 ||   388
       Punch             |     1 |       ||     1
 Cast: Infusion          |     2 |     2 ||     4
Evoke: Wand              |       |    11 ||    11
  Use: Scroll            |     4 |     8 ||    12
  Eat: Chunk             |     8 |    29 ||    37
Armor: Leather armour    |    15 |       ||    15
       Ring mail         |    48 |    66 ||   114
Dodge: Dodged            |    89 |   122 ||   211
       Deflected         |       |     3 ||     3
